Map: Inside and Out

Players

BoneSaw

  • Race: Protoss Protoss
  • League: Platinum
  • Spawn Location: 7:00

FoxeR - Winner!

  • Race: Terran Terran
  • League: Platinum
  • Spawn Location: 1:00

VOD

Have the link to the VOD?

Description

Time

  • Played on: Dec. 30, 2022, 5:02 p.m.
  • Length: 8:02
Show
View Real Time Build Order
Export as new Build Order

BoneSaw Protoss 

Build Orders: Blink Stalkers 

Get SALT Encoding   

  12  0:00  Probe (Chrono Boost)  
  13  0:09  Probe (Chrono Boost)  
  14  0:19  Pylon  
  14  0:21  Probe  
  15  0:37  Gateway  
  15  0:39  Probe  
  16  0:47  Assimilator  
  16  0:51  Probe  
  16  0:55  Assimilator  
  17  1:09  Gateway  
  17  1:17  Probe  
  18  1:24  Cybernetics Core  
  18  1:32  Probe  
  19  1:44  Probe  
  19  1:46  Pylon  
  20  1:56  Probe  
  20  1:58  Warp Gate (Chrono Boost)  
  20  2:00  Stalker  
  23  2:10  Probe (Chrono Boost)  
  24  2:19  Twilight Council  
  24  2:20  Probe (Chrono Boost)  
  25  2:25  Probe (Chrono Boost)  
  25  2:29  Pylon  
  27  2:39  Sentry  
  27  2:44  Gateway  
  27  2:58  Stalker  
  28  3:06  Blink (Chrono Boost)  
  28  3:09  Probe  
  29  3:16  Pylon  
  29  3:32  Pylon  
  29  3:45  Stalker  
  29  3:46  Stalker x2  
  35  3:50  Probe  
  36  4:02  Probe  
  37  4:14  Probe  
  38  4:26  Robotics Facility  
  38  4:30  Nexus  
  38  4:31  Stalker  
  40  4:45  Stalker  
  42  4:46  Stalker  
  44  4:54  Charge  
  44  5:03  Pylon  
  44  5:05  Sentry  
  46  5:10  Probe  
  46  5:13  Observer  
  48  5:32  Assimilator  
  48  5:34  Assimilator  
  48  5:37  Pylon  
  48  5:40  Pylon  
  48  5:44  Stalker  
  48  5:45  Stalker  
  52  5:59  Probe (Chrono Boost)  
  53  6:07  Stalker  
  53  6:09  Probe (Chrono Boost)  
  56  6:14  Probe (Chrono Boost)  
  56  6:15  Robotics Bay  
  57  6:25  Probe  
  58  6:33  Robotics Facility  
  58  6:37  Probe  
  57  6:48  Stalker x2  
  57  6:50  Probe  
  60  7:02  Probe  
  57  7:14  Probe  
  54  7:26  Probe  
  53  7:38  Probe  
Show
View Real Time Build Order
Export as new Build Order

FoxeR Terran - Winner!

Build Orders: Reaper Expand 

Get SALT Encoding   

  12  0:00  SCV  
  13  0:12  SCV  
  14  0:17  Supply Depot  
  14  0:25  SCV  
  15  0:38  SCV  
  15  0:39  Barracks  
  16  0:44  Refinery  
  16  0:50  SCV  
  17  1:02  SCV  
  18  1:15  SCV  
  19  1:27  Orbital Command, Reaper  
  20  1:42  Command Center  
  20  1:53  SCV  
  21  1:54  Supply Depot  
  21  2:05  SCV  
  22  2:08  Barracks Reactor  
  22  2:12  Barracks  
  22  2:22  SCV  
  23  2:27  Barracks  
  23  2:34  SCV  
  24  2:45  Marine  
  24  2:46  SCV, Marine  
  27  2:55  Orbital Command  
  28  2:58  SCV  
  28  3:00  Refinery  
  28  3:01  Barracks Tech Lab  
  28  3:04  Marine x2  
  30  3:10  Bunker, SCV  
  31  3:15  Barracks Tech Lab  
  31  3:22  Stimpack, SCV, Marine x3  
  31  3:26  SCV  
  36  3:34  Combat Shield, SCV  
  36  3:37  Marine  
  36  3:38  SCV  
  36  3:39  Marine x2  
  40  3:50  Marine  
  40  3:55  Marine  
  43  3:57  Factory, Marine x2  
  43  4:00  Supply Depot  
  44  4:07  SCV x2  
  46  4:15  Supply Depot  
  46  4:21  Marine x4  
  50  4:25  SCV x2  
  52  4:31  Supply Depot  
  52  4:40  Marine x4  
  52  4:44  Factory Tech Lab  
  56  4:47  Command Center  
  56  4:50  Starport  
  56  4:55  SCV x2  
  56  4:59  Marine  
  58  5:00  Marine x3  
  58  5:03  Siege Tank  
  65  5:08  SCV x2  
  65  5:12  Supply Depot  
  67  5:15  Refinery  
  67  5:19  Marine x2  
  67  5:20  Marauder, Supply Depot, SCV x2  
  67  5:21  Marauder  
  75  5:29  Medivac  
  75  5:32  SCV  
  75  5:34  SCV  
  79  5:43  Marauder x2, Marine x2  
  79  5:45  SCV  
  79  5:46  SCV  
  87  5:57  SCV  
  87  5:58  SCV  
  87  5:59  Orbital Command  
  87  6:03  Marine x2  
  93  6:06  Marine x2  
  93  6:10  Siege Tank  
  98  6:12  Starport Tech Lab  
  98  6:13  Starport Reactor  
  98  6:14  SCV x2  
  98  6:18  Barracks  
  98  6:20  Barracks  
  98  6:23  Barracks  
  98  6:26  Marine x4  
  102  6:45  Siege Tank  
  105  6:50  Marine  
  105  6:51  Marine x2  
  108  6:55  Supply Depot  
  108  6:56  Supply Depot x2  
  108  6:59  Marauder  
  108  7:00  Medivac x2  
  109  7:10  Marine x3  
  109  7:11  Barracks Tech Lab  
  109  7:12  Barracks Tech Lab  
  109  7:19  Marine  
  109  7:20  Marauder  
  109  7:28  Marine x3  
  114  7:37  Marauder  
  114  7:41  Marine  
Tags
 
Add a new tag
Caveats
  • Supply blocks, unpowered buildings, or Contaminate may cause inaccurate times.
  • Supply counts are checked every 10 seconds.